 Dungeon Crawl Stone Soup version 0.26-a0-20-g5f92b90fa0 (webtiles) character file.

Game seed: 8155515031320526826, levelgen mode: deterministic

774 kae the Cleaver (level 7, -1/64 HPs)
             Began as a Hill Orc Fighter on May 25, 2020.
             Slain by a killer bee (5 damage)
             ... on level 6 of the Dungeon.
             The game lasted 00:03:26 (4645 turns).

kae the Cleaver (Hill Orc Fighter)                  Turns: 4645, Time: 00:03:27

Health: -1/64      AC:  7    Str: 21    XL:     7   Next: 84%
Magic:  7/7        EV:  7    Int:  8    God:
Gold:   333        SH:  9    Dex: 10    Spells: 6/6 levels left

rFire    . . .     SeeInvis +   a - +1 war axe
rCold    . . .     Gourm    .   c - +0 kite shield
rNeg     . . .     Faith    .   b - +1 scale mail
rPois    +         Spirit   .   (no helmet)
rElec    .         Reflect  .   (no cloak)
rCorr    .         Harm     .   (no gloves)
MR       .....                  (no boots)
Stlth    ..........             (no amulet)
HPRegen  0.20/turn              j - ring of see invisible
MPRegen  0.10/turn              s - ring of poison resistance

@: lethally poisoned (-1 -> -7)
A: no striking features
a: no special abilities


You were on level 6 of the Dungeon.
You were not hungry.

You visited 1 branch of the dungeon, and saw 6 of its levels.

You collected 333 gold pieces.

Inventory:

Hand Weapons
 a - a +1 war axe (weapon)
Armour
 b - a +1 scale mail (worn)
 c - a +0 kite shield (worn)
Jewellery
 j - a ring of see invisible (left hand)
 r - an uncursed ring of magical power
 s - a ring of poison resistance (right hand)
 u - a cursed amulet of the acrobat
Wands
 t - a wand of random effects (15)
Scrolls
 g - 2 scrolls of fear
 i - 5 scrolls of teleportation
 m - 3 scrolls of remove curse
 n - 5 scrolls of identify
 o - a scroll of magic mapping
 q - a scroll of amnesia
Potions
 d - 2 potions of might
 e - 2 potions of flight
 h - 3 potions of stabbing
 k - a potion of mutation
 l - a potion of magic
 p - a potion of lignification
 v - a potion of curing {unknown}
Comestibles
 f - 14 rations
 w - 2 chunks of flesh


   Skills:
 + Level 6.8 Fighting
 * Level 9.4 Axes
 - Level 3.2 Armour
 - Level 3.2 Shields


You had 6 spell levels left.
You didn't know any spells.
Your spell library was empty.

Dungeon Overview and Level Annotations

Branches:
Dungeon (6/15)
 Temple: D:4-7

Altars:
Ashenzari
Sif Muna
Wu Jian
Zin


Message History

The orc warrior hits you with a +0 short sword!
The killer bee stings you. The killer bee closely misses you.
The killer bee barely misses you.
The orc warrior hits you with a +0 short sword!
* * * LOW HITPOINT WARNING * * *
You are too injured to fight recklessly!
You are too injured to fight recklessly!
You are too injured to fight recklessly!
You are too injured to fight recklessly!
You miss the killer bee.
The killer bee is heavily wounded.
You closely miss the orc warrior.
Your shield and scale mail prevent you from hitting the killer bee.
* * * LOW HITPOINT WARNING * * *
You feel sick. You block the killer bee's attack. x2
The killer bee stings you but does no damage.
The orc warrior hits you with a +0 short sword.
* * * LOW HITPOINT WARNING * * *
The killer bee stings you.
You die...

. ....... .. .........
.. ......... #.
........?
#.#..####...........
......oy#...........
#.oy@..........# ...
....o.##..........##...
..... ##.###.>........
..#..####..##.........##
. ##........#.#.......#.
##...................
#.........##.#.#....
#.............###....
....##..........#....


You could see an orc warrior, 2 killer bees and 2 orcs.

Vanquished Creatures
  An ogre (D:4)
  2 scorpions
  2 killer bees (D:6)
  2 howler monkeys
  A bullfrog zombie (D:4)
  A crimson imp (D:5)
  A hound (D:4)
  2 orc wizards (D:4)
  2 iguanas
  A worker ant (D:4)
  A hound zombie (D:5)
  A hound skeleton (D:4)
  A gnoll (D:1)
  8 adders
  A shadow imp (D:5)
  A worm zombie (D:4)
  A worm (D:2)
  3 leopard geckos
  10 orcs
  2 ball pythons (D:5)
  3 giant cockroaches
  4 goblins
  4 hobgoblins
  6 jackals
  A quokka (D:3)
  6 bats
  5 frilled lizards
  7 kobolds
  A quokka skeleton (D:4)
  13 rats
94 creatures vanquished.

Notes
Turn   | Place    | Note
-------+----------+-------------------------------------------
     0 | D:1      | kae the Hill Orc Fighter began the quest for the Orb.
     0 | D:1      | Reached XP level 1. HP: 19/19 MP: 1/1
    64 | D:1      | Reached skill level 3 in Axes
   154 | D:1      | Reached XP level 2. HP: 26/27 MP: 2/2
   213 | D:1      | Reached skill level 4 in Axes
   243 | D:1      | Reached XP level 3. HP: 33/33 MP: 3/3
  1430 | D:3      | Found a faded altar of an unknown god.
  1624 | D:3      | Reached XP level 4. HP: 33/41 MP: 4/4
  1771 | D:3      | Found a shattered altar of Ashenzari.
  1772 | D:3      | Found a glowing silver altar of Zin.
  1797 | D:3      | Reached skill level 5 in Axes
  1834 | D:3      | Found a shimmering blue altar of Sif Muna.
  2648 | D:4      | Reached XP level 5. HP: 39/47 MP: 5/5
  2718 | D:4      | Reached skill level 5 in Fighting
  2718 | D:4      | Reached skill level 6 in Axes
  2719 | D:4      | Reached XP level 6. HP: 11/56 MP: 6/6
  2746 | D:4      | Reached skill level 7 in Axes
  3551 | D:4      | Reached skill level 8 in Axes
  3551 | D:4      | Reached XP level 7. HP: 61/63 MP: 7/7
  3795 | D:5      | Entered Level 5 of the Dungeon
  4146 | D:5      | Reached skill level 9 in Axes
  4593 | D:6      | Found an ornate altar of the Wu Jian Council.
  4645 | D:6      | Slain by a killer bee

Illustrated notes

Levels and vault maps discovered:
D:1:      psy_arrival_statuary, layout_loops_ring
D:2:      layout_rooms, first_ration
D:3:      layout_loops_corners, lemuel_crystal_altar,
          grunt_temple_overflow_open, chequers_ecumenical_altar_simple
D:4:      layout_basic, enter_ossuary_3, hangedman_minor_gate_pass
D:5:      layout_gridville, nicolae_overflow_hidden_temple
D:6:      layout_cave_pools, lemuel_round_altar, serial_shops, shop,
          nicolae_shop_waterfront, shop, uniq_pikel

Skill      XL: |  1  2  3  4  5  6  7 |
---------------+----------------------+-----
Axes           | 3 4 5 6 8 9 |  9.4
Fighting       | 4 5 6 |  6.8
Armour         | |  3.2
Shields        | |  3.2

Action                   |  1- 3 |  4- 6 |  7- 9 || total
-------------------------+-------+-------+-------++-------
Melee: War axe           |    98 |    91 |    74 ||   263
       Unarmed           |       |    23 |       ||    23
  Use: Scroll            |     7 |     4 |     3 ||    14
       Potion            |       |     1 |       ||     1
  Eat: Chunk             |     2 |     3 |     4 ||     9
       Ration            |       |     1 |       ||     1
Armor: Scale mail        |    28 |    28 |    25 ||    81
       Skin              |       |     9 |       ||     9
Dodge: Dodged            |    30 |    41 |    27 ||    98
Block: Kite shield       |    43 |    42 |    34 ||   119

Table legend:
 A = Non-vault XP
 B = Vault XP
 C = Vault XP percentage of total XP
 D = Non-vault monster count
 E = Vault monster count
 F = Vault count percentage of total count
                 A         B        C        D         E       F
            +---------+---------+-------+---------+---------+-------
      Total |    1048 |      58 |   5.2 |      92 |       2 |   2.1
            +---------+---------+-------+---------+---------+-------
        D:1 |      53 |       0 |   0.0 |      25 |       0 |   0.0
        D:2 |      16 |       0 |   0.0 |       8 |       0 |   0.0
        D:3 |      42 |       0 |   0.0 |      12 |       0 |   0.0
        D:4 |     516 |      58 |  10.1 |      25 |       2 |   7.4
        D:5 |     279 |       0 |   0.0 |      16 |       0 |   0.0
        D:6 |     142 |       0 |   0.0 |       6 |       0 |   0.0
            +---------+---------+-------+---------+---------+-------
